 Dungeon Crawl Stone Soup version 0.28-a0-533-g9f97627e2a (webtiles) character file.

Game seed: 10353649950214478258

43 Spaninq the Scratcher (level 3, 0/15 HPs)
             Began as a Felid Transmuter on Sept 25, 2021.
             Slain by an ufetubus (5 damage)
             ... on level 2 of the Dungeon.
             The game lasted 00:03:00 (1536 turns).

Spaninq the Scratcher (Felid Transmuter)            Turns: 1536, Time: 00:03:00

Health: 0/15       AC:  1    Str:  6    XL:     3   Next: 37%
Magic:  7/7        EV: 17    Int: 15    God:
Gold:   57         SH:  0    Dex: 16    Spells: 3/6 levels left
                                        Lives:  0   Deaths: 0

rFire   . . .      SeeInvis +     - Unarmed
rCold   . . .      Faith    .   (shield unavailable)
rNeg    . . .      Spirit   .   (armour unavailable)
rPois   .          Reflect  .   (helmet unavailable)
rElec   .          Harm     .   (cloak unavailable)
rCorr   .          Rampage  .   (gloves unavailable)
Will    .....                   (boots unavailable)
Stlth   +.........              (no amulet)
HPRegen 0.05/turn               (no ring)
MPRegen 0.10/turn               (no ring)

@: quick
A: very small, claws 1, fangs 3, see invisible, speed 1, shaggy fur 1, stealthy
paws, no weapons or thrown items, no armour, multi-lived
a: no special abilities


You were on level 2 of the Dungeon.
You visited 1 branch of the dungeon, and saw 2 of its levels.

You collected 57 gold pieces.

Inventory:

Jewellery
 f - a ring of magical power
Scrolls
 a - a scroll of vulnerability {unknown}
 d - a scroll of teleportation {unknown}
 e - a scroll of fear {unknown}
Potions
 b - a potion of brilliance {unknown}
 c - a potion of heal wounds {unknown}
 g - 2 potions of ambrosia {unknown}


   Skills:
 + Level 1.4 Fighting
 + Level 3.1 Dodging
 * Level 3.3 Unarmed Combat
 + Level 2.2 Spellcasting
 * Level 3.0 Transmutations


You had 3 spell levels left.
You knew the following spells:

 Your Spells              Type           Power      Damage    Failure   Level
a - Beastly Appendage     Tmut           20%        N/A       6%          1
b - Wereblood             Tmut           10%        N/A       10%         2

Your spell library contained the following spells:

 Spells                   Type           Power      Damage    Failure   Level
 Spider Form              Tmut/Pois      3%         N/A       34%         3
 Stone Arrow              Conj/Erth      2%         3d7       54%         3
 Ice Form                 Ice/Tmut       6%         N/A       75%         4
 Lehudib's Crystal Spear  Conj/Erth      0%         10d2      100%        8
 Animate Armour           Summ/Erth      Unusable   N/A       N/A         4

Dungeon Overview and Level Annotations

Branches:
Dungeon (2/15)

Altars:

Shops:
D:1 (!


Innate Abilities, Weirdness & Mutations

You have sharp claws.
You have razor-sharp teeth.
You have supernaturally acute eyesight. (SInv)
You cover ground quickly. (Speed+)
You are covered in fur. (AC +1)
Your paws help you pounce on unaware monsters.
You are incapable of wielding weapons or throwing items.
You cannot wear armour.
You gain extra lives every three experience levels.


Message History

An adder comes into view.
The adder hisses angrily.
An ufetubus comes into view.
The ufetubus shouts!
Casting: Beastly Appendage (safe; 6% risk of failure)
Confirm with . or Enter, or press ? or * to list all spells.
You miscast Beastly Appendage.
You are very lightly contaminated with residual magic.
Nothing appears to happen.
The adder bites you.
You are poisoned.
The adder poisons you!
You scratch the adder.
The adder is moderately wounded.
You feel sick.
An endoplasm comes into view.
The adder closely misses you.
You scratch the adder. Your claw misses the adder.
The adder is severely wounded.
You feel sick. The adder barely misses you.
You scratch the adder.
The adder is almost dead.
You feel sick. The adder closely misses you.
You scratch the adder.
You kill the adder!
You feel sick.
You completely miss the ufetubus.
You feel sick. The ufetubus misses you.
The ufetubus hits you but does no damage.
You scratch the ufetubus but do no damage.
You feel sick.
The ufetubus misses you. x2; The ufetubus barely misses you.
The ufetubus closely misses you.
You barely miss the ufetubus.
You feel sick.
You are no longer poisoned.
The ufetubus barely misses you. The ufetubus misses you.
Your magical contamination has completely faded away.
You miss the ufetubus. Your claw misses the ufetubus. The ufetubus misses you.
The ufetubus barely misses you.
You closely miss the ufetubus. The ufetubus completely misses you. x2
The ufetubus barely misses you. The ufetubus misses you.
You miss the ufetubus. The ufetubus hits you.
You die...

######## #......# #......#
# ### #......# .# ..#
#......# ..#
#.###......#########...###
............>...@5J.......
#.##.....###.#####.!..###.
#..#.....# #.# #.##.#
##.#.....###.#####.# ..
#.......'.<.......# .#
##......###.#####.. .#
#......# #.# ##. #
##.....# #.# .
#.....###.####


You could see an ufetubus and an endoplasm.

Vanquished Creatures
  An adder (D:2)
  4 dart slugs
  2 ball pythons (D:1)
  5 endoplasms (D:1)
  2 giant cockroaches (D:1)
  2 hobgoblins (D:1)
  A bat (D:1)
  2 frilled lizards (D:1)
  3 kobolds (D:1)
  4 rats (D:1)
26 creatures vanquished.

Notes
Turn   | Place    | Note
-------+----------+-------------------------------------------
     0 | D:1      | Spaninq the Felid Transmuter began the quest for the Orb.
     0 | D:1      | Reached XP level 1. HP: 9/9 MP: 4/4
    46 | D:1      | Found Gorataic's Weapon Shoppe.
   102 | D:1      | Reached XP level 2. HP: 12/12 MP: 6/6
   319 | D:1      | Learned a level 2 spell: Wereblood
   358 | D:1      | Found Xyaps's Distillery.
   983 | D:1      | Reached XP level 3. HP: 13/15 MP: 5/7
  1536 | D:2      | Slain by an ufetubus

Illustrated notes

Levels and vault maps discovered:
D:1:      heliophobic_arrival_ceremonial_halls, layout_loops_corners,
          serial_shops, shop, nicolae_square_shop, minmay_statues_item,
          minmay_tiny_reverse_x
D:2:      layout_basic, shapermc_ecumenical_altar_venn, minmay_pentomino_u4

Skill      XL: |  1  2  3 |
---------------+----------+-----
Dodging        | 3 |  3.1
Transmutations | 3 |  3.0
Fighting       | |  1.4
Unarmed Combat | |  3.3
Spellcasting   | |  2.2

Action                   || total
-------------------------++-------
Melee: Unarmed           ||    78
       Punch             ||     1
       Headbutt          ||     6
       Bite              ||     3
 Cast: Beastly Appendage ||    14
 Stab: Sleeping          ||     1
Armor: Skin              ||     4
Dodge: Dodged            ||    64

Table legend: (Time is in decaauts)
 A = Elapsed time spent in this place.
 B = Non-inter-level travel time spent in this place.
 C = Inter-level travel time spent in this place.
 D = Time resting spent in this place.
 E = Time spent auto-exploring this place.
 F = Levels seen in this place.
 G = Mean time per level.
                   A        B        C        D        E       F      G
               +--------+--------+--------+--------+--------+-----+--------+
         Total |   1367 |   1325 |     42 |    114 |   1007 |   2 |  683.5 |
       Dungeon |   1367 |   1325 |     42 |    114 |   1007 |   2 |  683.5 |
               +--------+--------+--------+--------+--------+-----+--------+

Top non-repeatable levels by time:
     D:1: 1193 daAuts
     D:2: 173 daAuts
